 Dungeon Crawl Stone Soup version 0.29-a0-923-g6e406bff71 (webtiles) character file.

Game seed: 1863676929103436654

339 jlumianski the Chiller (level 6, -1/41 HPs)
             Began as a Demonspawn Ice Elementalist on July 28, 2022.
             Succumbed to a gnoll sergeant's poison
             ... on level 3 of the Dungeon.
             The game lasted 00:17:43 (3935 turns).

jlumianski the Chiller (DsIE)                       Turns: 3935, Time: 00:17:44

Health: -1/41      AC:  6    Str:  8    XL:     6   Next: 29%
Magic:  21/21      EV: 12    Int: 18    God:
Gold:   134        SH:  0    Dex: 14    Spells: 6/13 levels left

rFire   . . .      SeeInvis .   h - +2 short sword (venom)
rCold   . . .      Faith    .   (no shield)
rNeg    . . .      Spirit   .   l - +2 robe {Will+}
rPois   .          Reflect  .   (no helmet)
rElec   .          Harm     .   (no cloak)
rCorr   .          Rampage  .   (no gloves)
Will    +....                   (no boots)
Stlth   ++........              (no amulet)
HPRegen 0.13/turn               i - ring of magical power
MPRegen 0.17/turn               (no ring)

@: lethally poisoned (-1 -> -23)
A: icy blue scales 1, foul stench 1, spiny 1, demonic touch 1
a: no special abilities


You were on level 3 of the Dungeon.
You visited 1 branch of the dungeon, and saw 4 of its levels.

You collected 134 gold pieces.

Inventory:

Hand Weapons
 g - a +0 short sword
 h - a +2 short sword of venom (weapon)
 r - a +1 dagger of electrocution
Missiles
 d - 23 stones
 f - 3 boomerangs (quivered)
Armour
 a - a +0 robe
 l - a +2 robe of willpower (worn)
 p - a +0 leather armour
Jewellery
 i - a ring of magical power (left hand)
Scrolls
 j - 3 scrolls of identify {unknown}
 k - a scroll of fog {unknown}
 o - 3 scrolls of summoning {unknown}
Potions
 b - a potion of magic
 c - 2 potions of invisibility {unknown}
 e - 2 potions of haste {unknown}
 m - a potion of attraction {unknown}
 n - a potion of curing {unknown}
 q - a potion of lignification {unknown}
 s - a potion of might {unknown}


   Skills:
 + Level 0.2 Fighting
 + Level 0.6 Short Blades
 + Level 2.0 Dodging
 + Level 3.0 Stealth
 + Level 4.2 Spellcasting
 + Level 5.1 Ice Magic


You had 6 spell levels left.
You knew the following spells:

 Your Spells              Type           Power      Damage    Failure   Level
a - Freeze                Ice            88%        1d10      1%          1
b - Frozen Ramparts       Ice            44%        1d6       5%          3
c - Ozocubu's Armour      Ice            22%        N/A       5%          3

Your spell library contained the following spells:

 Spells                   Type           Power      Damage    Failure   Level
 Magic Dart               Conj           12%        1d3       14%         1
 Call Imp                 Summ           3%         N/A       22%         2
 Call Canine Familiar     Summ           3%         N/A       41%         3
 Mephitic Cloud           Conj/Pois/Air  3%         N/A       41%         3
 Portal Projectile        Hex/Tloc       6%         N/A       41%         3
 Hailstorm                Conj/Ice       13%        3d5       45%         4
 Leda's Liquefaction      Hex/Erth       1%         N/A       82%         4


Dungeon Overview and Level Annotations

Branches:
Dungeon (4/15)
 Temple: D:4-7

Altars:
Dithmenos
Makhleb


Innate Abilities, Weirdness & Mutations

You are partially covered in icy blue scales. (AC +2)
You may rarely emit foul miasma when damaged in melee.
You are partially covered in sharp spines.
Your touch may inflict minor irresistible damage on your foes.


Message History

You feel sick.
You are no longer poisoned.
The frozen ramparts melt away.
Your icy armour cracks and falls away as you move.
Things that are here:
a +0 flail; a gnoll corpse
There is a stone staircase leading down here.
You see here a +0 whip.
d - 23 stones (gained 2)
Things that are here:
a +0 short sword; a kobold corpse
Things that are here:
a +0 whip; a gnoll corpse; a ball python corpse
There is a stone staircase leading down here.
You start resting.
Magic restored.
You start resting.
HP restored.
You climb downwards.
The gnoll hits you but does no damage. The gnoll is struck by your spines.
The gnoll hits you with a +0 whip. The gnoll is struck by your spines.
The gnoll closely misses you. The gnoll is struck by your spines.
The gnoll hits you but does no damage. The gnoll hits you with a +0 flail!
The gnoll sergeant hits you from afar with a +1 trident of venom!
You are poisoned.
The gnoll misses you. The gnoll closely misses you.
The gnoll is struck by your spines. The gnoll closely misses you.
There is a stone staircase leading up, spattered with blood here.
You feel very sick.
The gnoll hits you from afar with a +0 halberd.
The gnoll closely misses you. The gnoll is struck by your spines.
The gnoll barely misses you.
The gnoll sergeant hits you from afar with a +1 trident of venom.
* * * LOW HITPOINT WARNING * * *
You are more poisoned.
The gnoll is struck by your spines. The gnoll barely misses you.
The gnoll hits you with a +0 whip.
* * * LOW HITPOINT WARNING * * *
You climb upwards.
You die...

##.######......#.##.#.###.##
#.# #...#..#.##.#.....# #.#
#...#..#.......##### #.#
#.#................# #.#
#.#.#..#.†.........# #.#
#.#.#..###.........# #.#
###.#......#.........# #.#
#...gg#.####.######### #.#
#.#.)@)............... #.#
#.###.g............... #.#
#.#...........########
#.####.#.....<............#
#................#.######.#
######.#.........<...##....
#.......#.....#.##.#..
#########.#.................
#.........#.#.#.............


You could see 3 gnolls.

Vanquished Creatures
  Sigmund (D:2)
  Jessica (D:2)
  3 gnolls (D:3)
  4 adders
  An ufetubus (D:3)
  A worm (D:3)
  3 dart slugs
  An orc (D:3)
  8 endoplasms
  3 giant cockroaches
  6 goblins
  5 hobgoblins
  8 kobolds
  3 quokkas (D:2)
  10 ball pythons
  9 bats
  2 frilled lizards
  9 rats
78 creatures vanquished.

Notes
Turn   | Place    | Note
-------+----------+-------------------------------------------
     0 | D:1      | jlumianski the Demonspawn Ice Elementalist began the quest
                  | for the Orb.
     0 | D:1      | Reached XP level 1. HP: 13/13 MP: 3/3
   863 | D:1      | Found a faded altar of an unknown god.
   905 | D:2      | Reached skill level 4 in Ice Magic
   905 | D:2      | Gained mutation: Your touch may inflict minor irresistible
                  | damage on your foes. [demonic ancestry]
   905 | D:2      | Reached XP level 2. HP: 17/19 MP: 1/5
  1018 | D:2      | Noticed Jessica
  1607 | D:1      | Gained mutation: You are partially covered in sharp spines.
                  | [demonic ancestry]
  1607 | D:1      | Reached XP level 3. HP: 24/24 MP: 3/6
  1611 | D:1      | Learned a level 3 spell: Frozen Ramparts
  2190 | D:2      | Killed Jessica
  2191 | D:2      | Gained mutation: You may rarely emit foul miasma when
                  | damaged in melee. [demonic ancestry]
  2191 | D:2      | Reached XP level 4. HP: 23/30 MP: 4/8
  2480 | D:2      | Noticed Sigmund
  2497 | D:2      | Killed Sigmund
  2498 | D:2      | Reached skill level 5 in Ice Magic
  2498 | D:2      | Reached XP level 5. HP: 34/35 MP: 10/10
  2639 | D:2      | Learned a level 3 spell: Ozocubu's Armour
  2776 | D:3      | Found a burning altar of Makhleb.
  2776 | D:3      | Found a shadowy altar of Dithmenos.
  2858 | D:3      | Gained mutation: You are partially covered in icy blue
                  | scales. (AC +2) [demonic ancestry]
  2858 | D:3      | Reached XP level 6. HP: 39/41 MP: 11/11
  3935 | D:3      | Succumbed to a gnoll sergeant's poison

Illustrated notes

Levels and vault maps discovered:
D:1:      amcnicky_arrival_choice, layout_basic, nicolae_ecumenical_lake_church
D:2:      layout_basic, uniq_jessica, uniq_sigmund
D:3:      layout_basic, chequers_temple_overflow_statue_of_worship,
          skrybe_limestone_x, hangedman_feature_mirror
D:4:      layout_rooms, mainiacjoe_overflow_small_starburst,
          lemuel_temple_firewalk_b

Skill      XL: |  1  2  3  4  5  6 |
---------------+-------------------+-----
Ice Magic      | 4 5 |  5.1
Stealth        | 2 3 |  3.0
Dodging        | 2 |  2.0
Spellcasting   | 3 4 |  4.2
Fighting       | |  0.2
Short Blades   | |  0.6

Action                   |  1- 3 |  4- 6 || total
-------------------------+-------+-------++-------
Melee: Unarmed           |     7 |       ||     7
       Touch             |     3 |     7 ||    10
       Short sword       |    14 |    35 ||    49
       Punch             |       |     1 ||     1
Throw: Boomerang         |       |     1 ||     1
 Cast: Freeze            |    41 |     2 ||    43
       Frozen Ramparts   |     4 |    13 ||    17
       Ozocubu's Armour  |       |     2 ||     2
 Stab: Sleeping          |     1 |     4 ||     5
Armor: Robe              |    14 |    12 ||    26
Dodge: Dodged            |    52 |    35 ||    87

Table legend: (Time is in decaauts)
 A = Elapsed time spent in this place.
 B = Non-inter-level travel time spent in this place.
 C = Inter-level travel time spent in this place.
 D = Time resting spent in this place.
 E = Time spent auto-exploring this place.
 F = Levels seen in this place.
 G = Mean time per level.
                   A        B        C        D        E       F      G
               +--------+--------+--------+--------+--------+-----+--------+
         Total |   3945 |   3855 |     90 |    482 |   2323 |   4 |  986.2 |
       Dungeon |   3945 |   3855 |     90 |    482 |   2323 |   4 |  986.2 |
               +--------+--------+--------+--------+--------+-----+--------+

Top non-repeatable levels by time:
     D:1: 2016 daAuts
     D:3: 1177 daAuts
     D:2: 743 daAuts
     D:4: 7 daAuts
